 Dungeon Crawl Stone Soup version 0.31-a0-214-gb37851dbb3 (webtiles) character file.

Game seed: 10307065235114785532

163 qw the Shooter (level 5, 0/42 HPs)
             Began as a Minotaur Hexslinger on July 1, 2023.
             Slain by a gnoll
             ... wielding a +0 flail
              (3 damage)
             ... on level 3 of the Dungeon.
             The game lasted 00:00:55 (2031 turns).

qw the Shooter (Minotaur Hexslinger)                Turns: 2031, Time: 00:00:56

Health: 0/42       AC:  7    Str: 18    XL:     5   Next: 20%
Magic:  5/5        EV: 11    Int: 10    God:
Gold:   52         SH:  0    Dex: 15    Spells: 5/6 levels left

rFire   . . .        Y - +1 sling
rCold   . . .        (no shield)
rNeg    . . .        j - +2 ring mail {Will+}
rPois   .            (helmet restricted)
rElec   .            (no cloak)
rCorr   .            (no gloves)
SInv    .            (no boots)
Will    +....        l - amulet of faith
Stlth   +            f - +6 ring of strength
HPRegen 0.27/turn    (no ring)
MPRegen 0.09/turn

%: faith
@: no status effects
A: horns 2, retaliatory headbutt
a: no special abilities


You were on level 3 of the Dungeon.
You visited 1 branch of the dungeon, and saw 3 of its levels.

You collected 75 gold pieces.
You spent 23 gold pieces at shops.


Innate Abilities, Weirdness & Mutations

You have a pair of horns on your head.
You reflexively headbutt those who attack you in melee.


   Skills:
 + Level 2.3 Fighting
 - Level 5.2 Ranged Weapons
 - Level 2.0 Armour
 - Level 2.1 Dodging
 - Level 1.0 Spellcasting
 - Level 2.0 Hexes


You had 5 spell levels left.
You knew the following spells:

 Your Spells              Type           Power      Damage    Failure   Level
a - Slow                  Hex            16%        N/A       26%         1

Your spell library contained the following spells:

 Spells                   Type           Power      Damage    Failure   Level
 Inner Flame              Hex/Fire       2%         N/A       75%         3
 Portal Projectile        Hex/Tloc       4%         N/A       75%         3
 Cause Fear               Hex            2%         N/A       95%         4

Inventory:

Hand Weapons
 Y - a +1 sling (weapon)
Armour
 j - a +2 ring mail of willpower (worn)
Jewellery
 f - a +6 ring of strength (left hand)
 l - an amulet of faith (around neck)
Scrolls
 b - a scroll of fog {unknown}
 c - a scroll of identify
Potions
 a - a potion of might {unknown}
 d - a potion of brilliance {unknown}
 e - a potion of haste {unknown}
 g - a potion of ambrosia {unknown}
 h - 3 potions of curing

Dungeon Overview and Level Annotations

Branches:
Dungeon (3/15)

Altars:

Shops:
D:2 *


Message History

Enter note: You shoot a sling bullet.
The sling bullet barely misses the gnoll.
You hear a shout! x2
You shoot a sling bullet. The sling bullet hits the gnoll.
The gnoll is moderately wounded.
A gnoll is nearby!
Enter note:
Enter note:
Enter note:
Enter note:
Enter note:
Enter note: You shoot a sling bullet.
The sling bullet barely misses the gnoll.
A gnoll comes into view. It is wielding a +0 spear.
You shoot a sling bullet.
The sling bullet closely misses the gnoll.
A gnoll comes into view. It is wielding a +0 whip.
The gnoll hits you but does no damage. The gnoll hits you with a +0 flail.
You shoot a sling bullet. The sling bullet hits the gnoll.
The gnoll is heavily wounded.
You shoot a sling bullet.
The sling bullet hits the gnoll but does no damage.
The gnoll is heavily wounded.
The gnoll closely misses you.
You shoot a sling bullet.
The sling bullet barely misses the gnoll.
The gnoll hits you with a +0 whip! The gnoll hits you with a +0 flail!
The gnoll closely misses you.
You shoot a sling bullet. The sling bullet hits the gnoll.
The gnoll is severely wounded.
The gnoll hits you with a +0 flail. The gnoll hits you with a +0 whip.
The gnoll hits you from afar with a +0 spear.
You shoot a sling bullet.
The sling bullet completely misses the gnoll.
The gnoll hits you with a +0 flail. The gnoll hits you with a +0 whip.
The gnoll hits you from afar with a +0 spear.
The gnoll hits you with a +0 flail.
You die...

..........#
..#.#######
.........
..####### ..#
#### ..# .. ..#
..# #...###.#
.##
#....ggg#######
.# #@......# .#
#.#####.# .#
#.# #.# .# #.#
#.# .########
#.# #.#
<...........
..# #.#
#.########.#
### #.# #.# #.#
#.# #.# #.#
######.##


You could see 3 gnolls.

Vanquished Creatures
  A sleepcap (D:3)
  Terence (D:2)
  4 gnolls (D:3)
  2 adders
  A worm (D:2)
  A dart slug (D:1)
  3 endoplasms
  2 giant cockroaches (D:2)
  6 hobgoblins
  4 kobolds
  2 quokkas (D:1)
  6 ball pythons
  4 bats
  A frilled lizard (D:2)
  7 goblins
  8 rats
53 creatures vanquished.

Notes
Turn   | Place    | Note
-------+----------+-------------------------------------------
     0 | D:1      | qw the Minotaur Hexslinger began the quest for the Orb.
     0 | D:1      | Reached XP level 1. HP: 16/16 MP: 1/1
     0 | D:1      | 0 ||| qw: Version: 0.3-a-32-g5962c71
     0 | D:1      | 0 ||| qw: Game counter: 7529
     0 | D:1      | 0 ||| qw: Melee chars always use a shield: true
     0 | D:1      | 0 ||| qw: God list: Okawaru
     0 | D:1      | 0 ||| qw: Allow faded altars: false
     0 | D:1      | 0 ||| qw: Do Orc after clearing Dungeon:15 true
     0 | D:1      | 0 ||| qw: Do second Lair branch before Depths: true
     0 | D:1      | 0 ||| qw: Lair rune preference: random
     0 | D:1      | 0 ||| qw: Goals: Normal
     0 | D:1      | 0 ||| PLANNING D:1-11
    76 | D:1      | 76 ||| FLEEEEING.
    77 | D:1      | 77 ||| FLEEEEING.
    78 | D:1      | 78 ||| FLEEEEING.
    79 | D:1      | 79 ||| FLEEEEING.
    80 | D:1      | 80 ||| FLEEEEING.
    81 | D:1      | 81 ||| FLEEEEING.
    82 | D:1      | 82 ||| FLEEEEING.
    83 | D:1      | 83 ||| FLEEEEING.
    91 | D:1      | 91 ||| FLEEEEING.
    96 | D:1      | 96 ||| FLEEEEING.
    97 | D:1      | 97 ||| FLEEEEING.
    98 | D:1      | 98 ||| FLEEEEING.
    99 | D:1      | 99 ||| FLEEEEING.
   100 | D:1      | 100 ||| FLEEEEING.
   101 | D:1      | 101 ||| FLEEEEING.
   102 | D:1      | 102 ||| FLEEEEING.
   103 | D:1      | 103 ||| FLEEEEING.
   104 | D:1      | 104 ||| FLEEEEING.
   108 | D:1      | Reached skill level 3 in Ranged Weapons
   175 | D:1      | Reached XP level 2. HP: 23/23 MP: 2/2
   506 | D:1      | 506 ||| UPGRADING to +0 ring mail.
   516 | D:1      | 516 ||| DROPPING +0 robe.
   517 | D:1      | 517 ||| READING scroll labelled SETRUT QUDOFAS.
   518 | D:1      | 518 ||| READING scroll labelled WORRUORRUI.
   519 | D:1      | 519 ||| READING scroll labelled IPLOTIBBEPYXT.
   520 | D:1      | 520 ||| DROPPING scroll of poison.
   580 | D:2      | HP: 6/24 [poisoned by an adder]
   581 | D:2      | Reached XP level 3. HP: 7/29 MP: 3/3
   906 | D:2      | Reached skill level 4 in Ranged Weapons
   936 | D:2      | Noticed Terence
   938 | D:2      | 938 ||| FLEEEEING.
   939 | D:2      | 939 ||| FLEEEEING.
   940 | D:2      | 940 ||| FLEEEEING.
   941 | D:2      | 941 ||| FLEEEEING.
   942 | D:2      | 942 ||| FLEEEEING.
   960 | D:2      | 960 ||| FLEEEEING.
   974 | D:2      | Killed Terence
   975 | D:2      | Reached XP level 4. HP: 23/36 MP: 4/4
  1204 | D:2      | Found Xeuke's Assorted Antiques.
  1214 | D:2      | 1214 ||| SHOPLISTING blackened silver wand (92 gold, have
                  | 45).
  1214 | D:2      | 1214 ||| SHOPLISTING runed orcbow (149 gold, have 45).
  1214 | D:2      | 1214 ||| BUYING scroll labelled DIOXUA RASH (23 gold).
  1214 | D:2      | Bought a scroll labelled DIOXUA RASH for 23 gold pieces
  1214 | D:2      | 1214 ||| SHOPLISTING scroll labelled KIFAXUSHRUY (23 gold,
                  | have 22).
  1214 | D:2      | 1214 ||| SHOPLISTING scroll labelled PICUNU LYUCU (23 gold,
                  | have 22).
  1475 | D:2      | 1475 ||| UPGRADING to +2 ring mail of willpower.
  1485 | D:2      | 1485 ||| DROPPING +0 ring mail.
  1486 | D:2      | 1486 ||| UPGRADING to amulet of faith.
  1491 | D:2      | 1491 ||| UPGRADING to +6 ring of strength.
  1492 | D:2      | 1492 ||| READING scroll labelled PICUNU LYUCU.
  1495 | D:2      | 1495 ||| READING scroll labelled KOUSACHEIXT.
  1496 | D:2      | 1496 ||| READING scroll labelled DIOXUA RASH.
  1497 | D:2      | 1497 ||| DRINKING 4 clear potions.
  1577 | D:3      | HP: 5/36 [gnoll/+0 flail (6)]
  1746 | D:3      | Reached skill level 5 in Ranged Weapons
  1746 | D:3      | Reached XP level 5. HP: 14/41 MP: 5/5
  2031 | D:3      | HP: 7/42 [gnoll/+0 whip (4)]
  2031 | D:3      | HP: 3/42 [gnoll/+0 spear (4)]
  2031 | D:3      | Slain by a gnoll

Levels and vault maps discovered:
D:1:      scummos_arrival_hexagon, layout_rooms
D:2:      layout_basic, serial_shops, nicolae_lakefront_shop, minmay_hedge_maze,
          uniq_terence
D:3:      layout_basic, demons_altar

Skill      XL: |  1  2  3  4 |
---------------+-------------+-----
Ranged Weapons | 3 4 5 |  5.2
Fighting       | 2 |  2.3
Armour         | 2 |  2.0
Dodging        | |  2.1
Spellcasting   | |  1.0
Hexes          | |  2.0

Action                     |  1- 3 |  4- 6 || total
---------------------------+-------+-------++-------
  Melee: Unarmed           |    11 |       ||    11
   Fire: Sling             |    99 |    86 ||   185
    Use: Scroll            |     3 |     3 ||     6
         Potion            |       |     1 ||     1
 Armour: Robe              |     3 |       ||     3
         Ring mail         |     9 |    11 ||    20
  Dodge: Dodged            |    30 |    31 ||    61

Table legend:
 A = Non-vault XP
 B = Vault XP
 C = Vault XP percentage of total XP
 D = Non-vault monster count
 E = Vault monster count
 F = Vault count percentage of total count
                 A         B        C        D         E       F
            +---------+---------+-------+---------+---------+-------
      Total |     197 |      36 |  15.5 |      52 |       1 |   1.9
            +---------+---------+-------+---------+---------+-------
        D:1 |      34 |       0 |   0.0 |      20 |       0 |   0.0
        D:2 |      44 |      36 |  45.0 |      19 |       1 |   5.0
        D:3 |     119 |       0 |   0.0 |      13 |       0 |   0.0
            +---------+---------+-------+---------+---------+-------
